 Dungeon Crawl Stone Soup version 0.28.0-49-g6dfe1f597d (webtiles) character file.

Game seed: 557184178718097130

203 Zeld the Chiller (level 5, -6/38 HPs)
             Began as a Ghoul Ice Elementalist on May 12, 2022.
             Mangled by an ogre
             ... wielding a +0 giant club
              (20 damage)
             ... on level 4 of the Dungeon.
             The game lasted 00:09:20 (3638 turns).

Zeld the Chiller (Ghoul Ice Elementalist)           Turns: 3638, Time: 00:09:21

Health: -6/38      AC:  3    Str: 12    XL:     5   Next: 81%
Magic:  1/9        EV: 12    Int: 12    God:
Gold:   100        SH:  0    Dex:  9    Spells: 3/10 levels left

rFire   . . .      SeeInvis .   (no weapon)
rCold   + . .      Faith    .   (no shield)
rNeg    + + +      Spirit   .   a - +0 robe
rPois   ∞          Reflect  .   (no helmet)
rElec   .          Harm     .   (no cloak)
rCorr   .          Rampage  .   e - +0 pair of gloves
Will    .....                   (no boots)
Stlth   ++........              (no amulet)
HPRegen 0.00/turn               (no ring)
MPRegen 0.11/turn               (no ring)

@: inhibited regen
A: claws 1, cold resistance 1, negative energy resistance 3, inhibited
regeneration, torment resistance 2
a: no special abilities


You were on level 4 of the Dungeon.
You visited 1 branch of the dungeon, and saw 4 of its levels.

You collected 100 gold pieces.

Inventory:

Armour
 a - a +0 robe (worn)
 e - a +0 pair of gloves (worn)
Wands
 f - a wand of polymorph (14)
Scrolls
 b - a scroll of vulnerability {unknown}
 c - a scroll of teleportation {unknown}
 d - a scroll of blinking {unknown}
 h - a scroll of immolation {unknown}
Potions
 g - a potion of cancellation {unknown}
 i - a potion of magic {unknown}
 j - a potion of ambrosia {unknown}
 k - a potion of curing {unknown}
 l - 2 potions of degeneration {unknown}


   Skills:
 + Level 2.8 Dodging
 - Level 2.1 Stealth
 * Level 3.3 Spellcasting
 * Level 5.8 Ice Magic


You had 3 spell levels left.
You knew the following spells:

 Your Spells              Type           Power      Damage    Failure   Level
a - Freeze                Ice            64%        1d8       2%          1
b - Frozen Ramparts       Ice            32%        1d5       6%          3
c - Ozocubu's Armour      Ice            16%        N/A       6%          3

Your spell library contained the following spells:

 Spells                   Type           Power      Damage    Failure   Level
 Blink                    Tloc           4%         N/A       34%         2
 Lesser Beckoning         Tloc           2%         N/A       56%         3
 Hailstorm                Conj/Ice       9%         3d4       56%         4
 Manifold Assault         Tloc           2%         N/A       100%        5
 Beastly Appendage        Tmut           Unusable   N/A       N/A         1
 Wereblood                Tmut           Unusable   N/A       N/A         2
 Spider Form              Tmut/Pois      Unusable   N/A       N/A         3

Dungeon Overview and Level Annotations

Branches:
Dungeon (4/15)
 Temple: D:4-7

Altars:

Annotations:
D:3 Grinder


Innate Abilities, Weirdness & Mutations

You thrive by killing the living.
You are immune to poison.
You have sharp fingernails.
Your flesh is cold resistant. (rC+)
You are immune to negative energy. (rN+++)
You do not regenerate when monsters are visible.
You are immune to unholy pain and torment.


Message History

The ogre is lightly wounded.
The wall freezes the ogre.
The ogre hits you with a +0 giant club!
Unknown command.
Casting: Freeze (safe; 2% risk of failure)
Confirm with . or Enter, or press ? or * to list all spells.
Aiming: Freeze (safe; 2% risk of failure)
Press: ? - help, Shift-Dir - straight line, f/p - ogre
Aim: an ogre, wielding a +0 giant club (lightly wounded)
You freeze the ogre.
The ogre is moderately wounded.
Unknown command.
Casting: Freeze (safe; 2% risk of failure)
Confirm with . or Enter, or press ? or * to list all spells.
Aiming: Freeze (safe; 2% risk of failure)
Press: ? - help, Shift-Dir - straight line, f/p - ogre
Aim: an ogre, wielding a +0 giant club (moderately wounded)
You freeze the ogre.
The ogre is heavily wounded.
The wall freezes the ogre.
The ogre hits you with a +0 giant club!
Unknown command.
Casting: Freeze (safe; 2% risk of failure)
Confirm with . or Enter, or press ? or * to list all spells.
Aiming: Freeze (safe; 2% risk of failure)
Press: ? - help, Shift-Dir - straight line, f/p - ogre
Aim: an ogre, wielding a +0 giant club (heavily wounded)
You freeze the ogre.
The ogre is severely wounded.
The wall freezes the ogre.
The ogre barely misses you.
Unknown command.
Casting: Freeze (safe; 2% risk of failure)
Confirm with . or Enter, or press ? or * to list all spells.
Aiming: Freeze (safe; 2% risk of failure)
Press: ? - help, Shift-Dir - straight line, f/p - ogre
Aim: an ogre, wielding a +0 giant club (severely wounded)
You freeze the ogre.
The ogre is severely wounded.
The frozen ramparts melt away.
The ogre hits you with a +0 giant club!!
Ouch! That really hurt!
You die...

....>.#######.#.#.#..#
..#.#.# #.#.#^#.##
..#...# #.#.#.#.#
..##### #.#.#.#.# ...
#.#.#.#.# ..#
####.#.#.#.# ..#
.....#.#.#.# ..#
.......#.#.##
#...O@....#
.........####
....###### ###


You could see an ogre.

Vanquished Creatures
  An orc priest (D:3)
  Ijyb (D:4)
  Terence (D:3)
  2 adders
  4 gnolls (D:2)
  An adder skeleton (D:4)
  3 worms
  2 dart slugs (D:1)
  4 orcs
  2 ball pythons
  4 endoplasms
  2 giant cockroaches
  3 hobgoblins
  4 quokkas
  2 bats
  2 frilled lizards (D:1)
  5 goblins
  3 kobolds
  8 rats
54 creatures vanquished.

Vanquished Creatures (others)
  11 plants (D:3)
11 creatures vanquished.

Grand Total: 65 creatures vanquished

Notes
Turn   | Place    | Note
-------+----------+-------------------------------------------
     0 | D:1      | Zeld the Ghoul Ice Elementalist began the quest for the
                  | Orb.
     0 | D:1      | Reached XP level 1. HP: 14/14 MP: 2/2
   378 | D:1      | Reached XP level 2. HP: 20/20 MP: 2/4
   942 | D:2      | Reached XP level 3. HP: 20/26 MP: 3/5
   946 | D:2      | Learned a level 3 spell: Frozen Ramparts
  1063 | D:2      | Identified the +12 spear "Xagoa" {freeze, rF++ Will+ Int-5
                  | Dex+2}
  1336 | D:2      | Reached skill level 5 in Ice Magic
  1337 | D:2      | Reached XP level 4. HP: 17/33 MP: 2/6
  1752 | D:2      | Found a faded altar of an unknown god.
  2061 | D:3      | Noticed Grinder
  2067 | D:3      | Noticed Terence
  2077 | D:3      | Killed Terence
  2500 | D:3      | Reached XP level 5. HP: 37/38 MP: 2/8
  2879 | D:3      | Learned a level 3 spell: Ozocubu's Armour
  3463 | D:4      | Noticed Ijyb
  3475 | D:4      | Killed Ijyb
  3629 | D:4      | Noticed an ogre
  3638 | D:4      | Mangled by an ogre

Illustrated notes

Levels and vault maps discovered:
D:1:      dpeg_arrival_rooms_a, layout_basic
D:2:      layout_basic, hellmonk_ecumenical_altar_blasted,
          grunt_decor_one_mirror, grunt_decor_mini_mirrors, dk_noncrumbling_2,
          minmay_misc_feat_hallway
D:3:      layout_loops_corners, serial_bayou_pond_c, uniq_grinder, uniq_terence
D:4:      layout_basic, gammafunk_ghost_split, small_statue_intersection,
          uniq_ijyb

Skill      XL: |  1  2  3  4  5 |
---------------+----------------+-----
Spellcasting   | 2 3 |  3.3
Dodging        | 2 |  2.8
Ice Magic      | 5 |  5.8
Stealth        | |  2.1

Action                   |  1- 3 |  4- 6 || total
-------------------------+-------+-------++-------
Melee: Unarmed           |    18 |    27 ||    45
 Cast: Freeze            |    26 |    56 ||    82
       Frozen Ramparts   |     1 |     9 ||    10
 Stab: Sleeping          |     1 |       ||     1
Armor: Robe              |     3 |    16 ||    19
Dodge: Dodged            |    32 |    35 ||    67
